 Dungeon Crawl Stone Soup version 0.26.1-2-gb8aa6d0cf2 (webtiles) character file.

Game seed: 17642039243353450047

235 Marvel the Ruffian (level 5, 0/53 HPs)
             Began as a Troll Monk on Feb 13, 2021.
             Killed by nerve-wracking pain
             ... invoked by Grinder
              (14 damage)
             ... while paralysed by Grinder
             ... on level 3 of the Dungeon.
             The game lasted 00:02:33 (1548 turns).

Marvel the Ruffian (Troll Monk)                     Turns: 1548, Time: 00:02:33

Health: 0/53       AC: 10    Str: 20    XL:     5   Next: 76%
Magic:  4/4        EV:  1    Int:  6    God:
Gold:   148        SH:  0    Dex: 12    Spells: 4/4 levels left

rFire    . . .     SeeInvis .     - Unarmed
rCold    . . .     Faith    .   (no shield)
rNeg     . . .     Spirit   .   a - +0 robe
rPois    .         Reflect  .   (helmet restricted)
rElec    .         Harm     .   (no cloak)
rCorr    .         Rampage  .   (gloves unavailable)
Will     .....                  (boots unavailable)
Stlth    ++........             (no amulet)
HPRegen  0.57/turn              i - +4 ring of protection
MPRegen  0.09/turn              (no ring)

@: paralysed, lethally poisoned (0 -> 0)
A: large, unfitting armour, claws 3, regeneration 1, shaggy fur 1, tough skin 3
a: no special abilities


You were on level 3 of the Dungeon.
You visited 1 branch of the dungeon, and saw 3 of its levels.

You collected 148 gold pieces.

Inventory:

Armour
 a - a +0 robe (worn)
Jewellery
 i - a +4 ring of protection (left claw)
Scrolls
 f - 4 scrolls of teleportation {unknown}
 g - a scroll of fog {unknown}
 h - 2 scrolls of random uselessness {unknown}
 j - 4 scrolls of identify {unknown}
 k - a scroll of amnesia {unknown}
Potions
 b - a potion of might {unknown}
 c - a potion of cancellation {unknown}
 d - a potion of experience {unknown}
 e - 3 potions of lignification {unknown}


   Skills:
 + Level 3.0 Fighting
 + Level 3.4 Dodging
 + Level 1.4 Stealth
 + Level 5.1 Unarmed Combat


You had 4 spell levels left.
You didn't know any spells.
Your spell library was empty.

Dungeon Overview and Level Annotations

Branches:
Dungeon (3/15)

Altars:
Cheibriados
Qazlal

Annotations:
D:3 1 runed translucent door, Crazy Yiuf, Grinder


Innate Abilities, Weirdness & Mutations

You are too large for most types of armour.
You have claws for hands.
Your natural rate of healing is unusually fast.
You are covered in fur. (AC +1)
You have extremely tough skin. (AC +3)


Message History

You feel sick.
Grinder blinks!
You feel sick.
You feel sick. Grinder gestures at you.
You barely resist. You closely miss Grinder.
Grinder is severely wounded.
Grinder gestures at you. Pain shoots through your body!
* * * LOW HITPOINT WARNING * * *
You scratch Grinder. Your claw misses Grinder.
Grinder is severely wounded.
Grinder says, "My boss said I was rubbish.
His entrails said otherwise."
Grinder gestures at you.
You suddenly lose the ability to move!
Grinder hits you but does no damage.
You feel sick. Grinder gestures at you. Pain shoots through your body!
You die...

#.......).# #.......#.##
#.......#..######### #
#......§...†.......# #
#############..###... #
##.# # #.### ### # #.5.#
.. #### ###########@##.#
###... ##.....#......#.#
#...## .
##...............# ###.###
.# #...............##
#...#
...#................#
##.###
#.#................# ##..#
#..................##
#..##
###...............<.###.##
#...††.............##..#


You could see Grinder.

Vanquished Creatures
  Purgy (D:2)
  4 gnolls (D:3)
  4 adders
  2 dart slugs
  A leopard gecko (D:2)
  5 bats
  A giant cockroach (D:1)
  6 goblins
  9 hobgoblins
  3 jackals (D:3)
  10 kobolds
  A quokka (D:2)
  3 ball pythons
  2 frilled lizards
  5 rats
57 creatures vanquished.

Notes
Turn   | Place    | Note
-------+----------+-------------------------------------------
     0 | D:1      | Marvel the Troll Monk began the quest for the Orb.
     0 | D:1      | Reached XP level 1. HP: 22/22 MP: 0/0
   149 | D:1      | Reached XP level 2. HP: 29/29 MP: 1/1
   734 | D:2      | Reached XP level 3. HP: 36/36 MP: 2/2
   770 | D:2      | Found a stormy altar of Qazlal.
   809 | D:2      | Found a snail-covered altar of Cheibriados.
  1155 | D:3      | Reached skill level 4 in Unarmed Combat
  1156 | D:3      | Reached XP level 4. HP: 40/44 MP: 3/3
  1225 | D:3      | Noticed Purgy
  1243 | D:2      | Killed Purgy
  1244 | D:2      | Reached XP level 5. HP: 20/52 MP: 4/4
  1311 | D:3      | Reached skill level 5 in Unarmed Combat
  1397 | D:3      | Found a runed translucent door.
  1398 | D:3      | Noticed Crazy Yiuf
  1508 | D:3      | Noticed Grinder
  1518 | D:3      | Paralysed by Grinder for 7 turns
  1546 | D:3      | Paralysed by Grinder for 6 turns
  1548 | D:3      | Killed from afar by Grinder

Illustrated notes

Levels and vault maps discovered:
D:1:      sevenhm_arrival_forest_fort_small_3, layout_basic, chequers_big_river
D:2:      layout_rooms, nicolae_overflow_crystal_walls, kennysheep_slug_shrine
D:3:      layout_rooms, uniq_purgy, uniq_crazy_yiuf_cottage, uniq_grinder

Skill      XL: |  1  2  3  4  5 |
---------------+----------------+-----
Unarmed Combat | 4 5 |  5.1
Dodging        | 3 |  3.4
Fighting       | 3 |  3.0
Stealth        | |  1.4

Action                   |  1- 3 |  4- 6 || total
-------------------------+-------+-------++-------
Melee: Unarmed           |    92 |    62 ||   154
       Punch             |     1 |       ||     1
 Stab: Sleeping          |     2 |       ||     2
Armor: Robe              |    33 |    82 ||   115
Dodge: Dodged            |    51 |    73 ||   124
